AoeStats
← No aprendemos 2026

Arabia

510699308Analyzed
1v1 RM · 1d ago on Oct 2, 2026· 34m 53s· 2 players
Game mode
Random Map
Map size
Tiny (2 player)
Population
200
Speed
Normal
Resources
Standard
Victory
Conquest
Starting age
Dark Age
Ending age
Imperial Age
RankedLock teamsTeams togetherTeam positionsShared explorationLock speedFull tech treeHidden civsTurbo modeCheats
Victory
Defeat
🇩🇪 Poles · Germany
1540
+13
🇪🇸 Mongols · Spain
1466
-13
No aprendemos 2026
4:57 Loom
7:28 Feudal Age
10:16 Double-Bit Axe
16:52 Wheelbarrow
21:11 Castle Age
20:49 Horse Collar
21:31 Bloodlines
23:03 Husbandry
24:07 Town Watch
24:16 Arson
25:36 Forging
27:42 Scale Barding Armor
30:20 Iron Casting
Nichter90
6:42 Loom
8:57 Feudal Age
9:49 Double-Bit Axe
10:43 Horse Collar
23:27 Castle Age
21:19 Gold Mining
23:16 Wheelbarrow
22:52 Scale Barding Armor
22:58 Forging
23:30 Bloodlines
25:21 Heavy Plow
26:07 Husbandry
Connection lost

Rejoining the realm…

Still unreachable

The connection could not be restored.

Session expired

The server has moved on; the page needs a fresh start.